 Dungeon Crawl Stone Soup version 0.26-a0-1147-g3780a7a11b (webtiles) character file.

Game seed: 5876496059083391614

63 gruber the Chiller (level 3, 0/24 HPs)
             Began as a Demonspawn Ice Elementalist on Dec 22, 2020.
             Succumbed to a scorpion's poison
             ... on level 2 of the Dungeon.
             The game lasted 00:01:59 (1344 turns).

gruber the Chiller (Demonspawn Ice Elementalist)    Turns: 1344, Time: 00:01:59

Health: 0/24       AC:  9    Str:  8    XL:     3   Next: 89%
Magic:  1/6        EV: 12    Int: 17    God:
Gold:   67         SH:  0    Dex: 13    Spells: 5/6 levels left

rFire    + . .     SeeInvis .   f - +0 dagger (elec)
rCold    . . .     Faith    .   (no shield)
rNeg     . . .     Spirit   .   a - +0 robe
rPois    .         Reflect  .   (no helmet)
rElec    .         Harm     .   b - +2 cloak
rCorr    .         Rampage  .   (no gloves)
Will     .....                  (no boots)
Stlth    ++........             (no amulet)
HPRegen  0.08/turn              l - +4 ring of protection
MPRegen  0.10/turn              (no ring)

@: lethally poisoned (0 -> -26)
A: demonic guardian 1, fire resistance 1
a: no special abilities


You were on level 2 of the Dungeon.
You visited 1 branch of the dungeon, and saw 2 of its levels.

You collected 67 gold pieces.

Inventory:

Hand Weapons
 f - a +0 dagger of electrocution (weapon)
Armour
 a - a +0 robe (worn)
 b - a +2 cloak (worn)
Jewellery
 l - a +4 ring of protection (left hand)
Scrolls
 c - a scroll of random uselessness {unknown}
 d - a scroll of teleportation {unknown}
 e - a scroll of blinking {unknown}
 g - 2 scrolls of magic mapping {unknown}
 j - a scroll of enchant weapon {unknown}
 m - a scroll of remove curse {unknown}
 n - 3 scrolls of identify {unknown}
Potions
 h - 2 potions of flight {unknown}
 i - a potion of lignification {unknown}
 k - a potion of invisibility {unknown}
 o - a potion of haste {unknown}


   Skills:
 - Level 1.7 Dodging
 - Level 1.7 Stealth
 - Level 2.0 Spellcasting
 + Level 5.0 Ice Magic


You had 5 spell levels left.
You knew the following spells:

 Your Spells              Type           Power        Failure   Level
a - Freeze                Ice            76%          2%          1

Your spell library contained the following spells:

 Spells                   Type           Power        Failure   Level
 Frozen Ramparts          Ice            38%          7%          3
 Ozocubu's Armour         Ice            19%          7%          3
 Hailstorm                Conj/Ice       10%          56%         4
 Summon Ice Beast         Ice/Summ       10%          56%         4


Dungeon Overview and Level Annotations

Branches:
Dungeon (2/15)

Altars:


Innate Abilities, Weirdness & Mutations

A weak demonic guardian rushes to your aid.
Your flesh is heat resistant. (rF+)


Message History

You feel sick.
Your quasit barely misses the scorpion.
Your quasit closely misses the scorpion. x2
The giant cockroach bites your quasit but does no damage.
The scorpion stings you.
* * * LOW HITPOINT WARNING * * *
You are more poisoned.
The scorpion poisons you!
Your quasit barely misses the scorpion.
Your quasit misses the scorpion.
Your quasit claws the scorpion but does no damage.
The giant cockroach bites your quasit but does no damage.
Unknown command.
Unknown command.
Casting: Freeze (safe; 2% risk of failure)
Confirm with . or Enter, or press ? or * to list all spells.
Aiming: Freeze (safe; 2% risk of failure)
Press: ? - help, Shift-Dir - straight line, f/p - scorpion
Aim: a scorpion (heavily wounded)
You freeze the scorpion.
The scorpion is severely wounded.
You die...

....... #
#........ # .
+........ +## ..
#........ ..
...####........ #
.......B.....## #
...r...5.....# #
........s....#
##### #@######..#
#...# #..........
#.#.#
#..#######...#.#.#
#..##...##.#.#.#.#
#..#.....#.#.#.#.#
#........#.#.#....
#..#.....#.#.#.###
#..##...##.#.#†#
#..###.###†#.#.#


You could see a scorpion, a giant cockroach, a rat and a friendly quasit
(summoned).

Vanquished Creatures
  3 gnolls (D:2)
  An adder (D:2)
  An ooze (D:1)
  A dart slug (D:1)
  2 bats (D:1)
  A giant cockroach (D:1)
  2 hobgoblins
  6 jackals (D:2)
  A kobold (D:1)
  4 rats
22 creatures vanquished.

Notes
Turn   | Place    | Note
-------+----------+-------------------------------------------
     0 | D:1      | gruber the Demonspawn Ice Elementalist began the quest for
                  | the Orb.
     0 | D:1      | Reached XP level 1. HP: 13/13 MP: 3/3
   152 | D:1      | Reached skill level 4 in Ice Magic
   206 | D:1      | Gained mutation: Your flesh is heat resistant. (rF+)
                  | [demonic ancestry]
   206 | D:1      | Reached XP level 2. HP: 14/19 MP: 0/5
   768 | D:2      | Noticed a scorpion
   937 | D:2      | Gained mutation: A weak demonic guardian rushes to your
                  | aid. [demonic ancestry]
   937 | D:2      | Reached XP level 3. HP: 24/24 MP: 3/6
  1231 | D:2      | Reached skill level 5 in Ice Magic
  1343 | D:2      | HP: 1/24 [scorpion (5)]
  1344 | D:2      | Succumbed to a scorpion's poison

Illustrated notes

Levels and vault maps discovered:
D:1:      evilmike_arrival_home_sweet_home, layout_basic,
          hangedman_abyss_or_decor_stabs
D:2:      layout_basic, minmay_misc_feat_enclosed, yredelemnul_altar_generic

Skill      XL: |  1  2  3 |
---------------+----------+-----
Ice Magic      | 4 5 |  5.0
Dodging        | |  1.7
Stealth        | |  1.7
Spellcasting   | |  2.0

Action                   || total
-------------------------++-------
Melee: Dagger            ||    46
 Cast: Freeze            ||    24
 Stab: Sleeping          ||     2
Armor: Robe              ||    28
Dodge: Dodged            ||    37

Table legend: (Time is in decaauts)
 A = Elapsed time spent in this place.
 B = Non-inter-level travel time spent in this place.
 C = Inter-level travel time spent in this place.
 D = Time resting spent in this place.
 E = Time spent auto-exploring this place.
 F = Levels seen in this place.
 G = Mean time per level.
                   A        B        C        D        E       F      G
               +--------+--------+--------+--------+--------+-----+--------+
         Total |   1344 |   1266 |     78 |     36 |    988 |   2 |  672.0 |
       Dungeon |   1344 |   1266 |     78 |     36 |    988 |   2 |  672.0 |
               +--------+--------+--------+--------+--------+-----+--------+

Top non-repeatable levels by time:
     D:1: 818 daAuts
     D:2: 526 daAuts
